Map: Prion Terraces

Players

Destiny - Winner!

  • Race: Zerg Zerg

SticklerMac

  • Race: Zerg Zerg
  • League: Gold

VOD

Have the link to the VOD?

Description

Time

  • Played on: Nov. 10, 2015, 1:50 a.m.
  • Length: 10:34
Show
View Real Time Build Order
Export as new Build Order

Destiny Zerg - Winner!

Build Orders: Hatch First, Zergling Baneling 

Get SALT Encoding   

  12  0:01  Drone  
  13  0:12  Overlord  
  13  0:18  Drone  
  14  0:31  Drone x2  
  16  0:37  Drone  
  17  0:52  Hatchery  
  16  0:58  Extractor  
  15  1:09  Spawning Pool  
  14  1:12  Drone  
  14  1:15  Drone  
  16  1:23  Drone x2  
  18  1:33  Drone  
  19  1:44  Overlord  
  19  1:55  Queen  
  19  1:58  Drone  
  19  2:00  Metabolic Boost  
  22  2:06  Queen  
  24  2:17  Drone x2  
  26  2:24  Baneling Nest, Drone  
  26  2:26  Drone  
  26  2:29  Drone  
  28  2:34  Drone  
  29  2:40  Drone  
  30  2:49  Drone x2  
  30  2:50  Drone  
  33  3:01  Overlord  
  33  3:08  Lair  
  33  3:09  Drone x3  
  36  3:16  Extractor  
  36  3:19  Drone  
  36  3:20  Drone x5  
  36  3:27  Overlord  
  41  3:38  Zergling x6  
  41  3:40  Overlord  
  44  3:47  Zergling x6  
  47  3:55  Zergling x8  
  50  3:59  Baneling x6  
  51  4:04  Queen  
  53  4:10  Spine Crawler, Baneling  
  53  4:11  Baneling x2  
  45  4:28  Queen  
  47  4:39  Spine Crawler  
  47  4:40  Extractor  
  47  4:42  Extractor  
  44  4:45  Drone  
  44  4:46  Drone x5  
  50  4:54  Spire  
  49  5:04  Overlord  
  49  5:05  Baneling x4  
  49  5:16  Queen  
  49  5:17  Zergling x6  
  54  5:25  Overlord  
  54  5:28  Drone x3  
  56  5:29  Drone x2  
  59  5:47  Zergling x4  
  61  5:59  Hatchery  
  58  6:12  Overlord  
  58  6:14  Zerg Flyer Weapons Level 1, Mutalisk  
  58  6:15  Mutalisk x5  
  58  6:17  Drone  
  71  6:19  Drone  
  71  6:23  Overlord  
  71  6:24  Drone x2  
  74  6:32  Mutalisk  
  76  6:33  Mutalisk  
  76  6:39  Overlord  
  78  6:46  Drone x4  
  82  6:55  Mutalisk  
  84  7:04  Mutalisk x2  
  88  7:12  Mutalisk  
  88  7:13  Overlord  
  90  7:16  Evolution Chamber  
  90  7:18  Evolution Chamber  
  88  7:27  Mutalisk  
  88  7:29  Overlord x2  
  89  7:31  Drone x3, Overlord  
  89  7:32  Drone  
  89  7:48  Extractor  
  89  7:49  Zergling x2  
  89  7:50  Extractor, Zergling x12  
  94  7:54  Zerg Ground Armor Level 1, Zerg Melee Weapons Level 1  
  94  8:07  Mutalisk x2  
  94  8:10  Overlord x2, Drone x2  
  100  8:15  Drone  
  100  8:17  Zerg Flyer Weapons Level 2  
  100  8:18  Drone  
  102  8:25  Overlord  
  102  8:30  Drone x2  
  102  8:31  Drone x3  
  102  8:33  Mutalisk x2  
  111  8:35  Zergling x2  
  111  8:36  Zergling x8  
  116  8:43  Zergling x4  
  118  8:49  Infestation Pit  
  117  9:01  Mutalisk  
  117  9:02  Mutalisk x3  
  125  9:07  Zergling x16  
  125  9:08  Hatchery, Extractor  
  125  9:09  Extractor  
  130  9:14  Overlord  
  130  9:25  Baneling x15  
  130  9:26  Baneling  
  130  9:29  Overlord  
  130  9:30  Overlord x2  
Show
View Real Time Build Order
Export as new Build Order

SticklerMac Zerg 

Build Orders: Hatch First, Zergling Baneling 

Get SALT Encoding   

  12  0:01  Drone  
  13  0:15  Overlord  
  13  0:17  Drone  
  14  0:33  Drone x2  
  16  0:37  Drone  
  17  0:54  Hatchery  
  16  0:57  Drone  
  17  1:08  Drone  
  18  1:11  Extractor  
  18  1:15  Spawning Pool  
  16  1:19  Drone  
  16  1:25  Drone  
  18  1:33  Drone  
  19  1:43  Drone  
  20  2:04  Queen  
  20  2:06  Queen  
  24  2:10  Overlord  
  24  2:12  Drone x2  
  26  2:17  Metabolic Boost  
  26  2:20  Zergling x4  
  28  2:26  Overlord  
  28  2:29  Drone  
  29  2:41  Drone x2  
  31  2:48  Drone  
  32  2:51  Drone  
  32  2:52  Baneling Nest  
  32  2:57  Drone  
  33  3:00  Drone  
  34  3:07  Zergling x2  
  35  3:14  Zergling x2  
  36  3:22  Zergling x6  
  36  3:23  Zergling x6  
  42  3:29  Zergling x2  
  42  3:32  Zergling x2  
  43  3:42  Zergling x2  
  43  3:45  Overlord  
  43  3:59  Baneling x3  
  43  4:00  Baneling x6  
  43  4:03  Overlord x4  
  43  4:22  Zergling x12  
  40  4:29  Zergling x12  
  46  4:36  Zergling x2  
  49  4:41  Baneling x4  
  49  4:44  Zergling x2  
  50  4:48  Zergling x2  
  53  4:53  Zergling x2  
  50  5:04  Zergling x6  
  50  5:05  Zergling x4  
  55  5:11  Hatchery  
  54  5:14  Zergling x8  
  58  5:42  Hatchery  
  58  5:49  Baneling x2  
  57  5:50  Baneling x5  
  57  6:03  Zergling x10  
  57  6:04  Zergling x8  
  65  6:14  Roach Warren  
  64  6:28  Drone x3  
  64  6:29  Drone x4  
  71  6:35  Drone  
  71  6:39  Extractor  
  71  6:41  Pneumatized Carapace  
  71  6:43  Extractor  
  72  7:01  Spore Crawler  
  72  7:02  Spore Crawler  
  72  7:05  Spore Crawler  
  72  7:06  Spore Crawler  
  68  7:14  Spore Crawler  
  67  7:17  Spore Crawler  
  67  7:18  Spore Crawler x2  
  62  7:49  Overlord x4  
  62  7:50  Overlord  
  62  7:53  Overlord x2  
  62  7:54  Overlord x2  
  62  8:08  Queen  
  64  8:22  Drone x6  
  64  8:23  Drone x5  
  75  8:34  Drone x4  
  75  8:35  Drone x4  
  75  8:40  Extractor  
  82  8:44  Roach  
  82  8:45  Roach  
  82  9:07  Roach x5  
  82  9:08  Roach  
  94  9:12  Roach  
  94  9:13  Roach  
  98  9:23  Overlord x2  
  98  9:32  Ravager x8  
  100  9:41  Roach  
  100  9:42  Roach x3  
Tags
 
Add a new tag
Caveats
  • Supply blocks, unpowered buildings, or Contaminate may cause inaccurate times.
  • Supply counts are checked every 10 seconds.